 Dungeon Crawl Stone Soup version 0.27-a0-1196-g3e9cee4cb2 (webtiles) character file.

Game seed: 17632051732231411070

5775 2tc the Carver (level 10, -4/67 HPs)
             Began as a Demonspawn Gladiator on May 29, 2021.
             Was an Initiate of Gozag.
             Slain by Fannar
             ... wielding a staff of cold
              (7 damage)
             ... on level 1 of the Lair of Beasts.
             The game lasted 00:41:30 (13868 turns).

2tc the Carver (Demonspawn Gladiator)              Turns: 13868, Time: 00:41:31

Health: -4/67      AC:  8    Str: 19    XL:     10   Next: 50%
Magic:  10/10      EV: 14    Int:  9    God:    Gozag
Gold:   67         SH:  4    Dex: 16    Spells: 9/9 levels left

rFire    . . .     SeeInvis .   l - +3 scimitar
rCold    + + .     Faith    .   (no shield)
rNeg     + . .     Spirit   .   p - +1 leather armour {rPois}
rPois    +         Reflect  .   c - +2 helmet
rElec    +         Harm     .   (no cloak)
rCorr    +         Rampage  .   v - +0 pair of gloves
Will     +....                  (no boots)
Stlth    +.........             (no amulet)
HPRegen  0.21/turn              b - ring "Saomn" {Ice rPois rN+ Will+ Str+2}
MPRegen  0.24/turn              (no ring)

@: resistant, gold aura, on berserk cooldown, hasted and slowed
A: claws 2, repulsion field 1, magic regeneration, condensation shield
a: Renounce Religion, Potion Petition, Call Merchant, Bribe Branch


You were on level 1 of the Lair of Beasts.
You worshipped Gozag.
Gozag was noncommittal.
You visited 3 branches of the dungeon, and saw 12 of its levels.

You collected 1749 gold pieces.
You paid 1682 gold pieces to Gozag.

Inventory:

Hand Weapons
 g - a +0 hunting sling
 l - a +3 scimitar (weapon)
Missiles
 d - 3 throwing nets (quivered)
 e - 174 stones
 q - a curare-tipped dart
Armour
 c - a +2 helmet (worn)
 f - a +0 kite shield
 j - a +0 pair of boots
 p - a +1 leather armour of poison resistance (worn)
 u - a +1 buckler of protection
 v - a +0 pair of gloves (worn)
Jewellery
 b - the ring "Saomn" (left hand) {Ice rPois rN+ Will+ Str+2}
   (You acquired it on level 5 of the Dungeon)

   [ring of ice]

   It enhances your ice magic.
   It affects your strength (+2).
   It makes you vulnerable to fire.
   It protects you from cold.
   It protects you from poison.
   It protects you from negative energy.
   It increases your willpower.
Wands
 m - a wand of charming (3)
Scrolls
 h - a scroll of blinking
 k - 2 scrolls of fear
 n - 3 scrolls of amnesia
 o - 2 scrolls of identify
 t - a scroll of teleportation
Potions
 a - 2 potions of curing
 i - 4 potions of flight
 s - a potion of lignification
 w - a potion of cancellation


   Skills:
 - Level 2.0 Fighting
 * Level 13.8 Long Blades
 - Level 1.7 Throwing
 - Level 3.0 Armour
 - Level 2.6 Dodging
 - Level 0.7 Shields


You had 9 spell levels left.
You didn't know any spells.
Your spell library contained the following spells:

 Spells                   Type           Power      Damage    Failure   Level
 Foxfire                  Conj/Fire      0%         2x1d4     43%         1
 Conjure Flame            Conj/Fire      0%         6-21      82%         3
 Inner Flame              Hex/Fire       0%         N/A       82%         3
 Sticky Flame             Conj/Fire      0%         2d3       99%         4
 Fireball                 Conj/Fire      0%         3d3       100%        5


Dungeon Overview and Level Annotations

Branches:
Dungeon (10/15)            Temple (1/1) D:5            Lair (1/6) D:9
    Orc: D:9-12

Altars:
Ashenzari
Cheibriados
Elyvilon
Fedhas
Gozag
Hepliaklqana
Kikubaaqudgha
Makhleb
Nemelex Xobeh
Okawaru
Qazlal
Ru
Sif Muna
Trog
Uskayaw
Vehumet
Wu Jian
Xom
Yredelemnul
Zin
The Shining One

Annotations:
D:3 1 runed translucent door
D:8 1 runed translucent door, Bapho's ghost, novice OgBe
Lair:1 Fannar


Innate Abilities, Weirdness & Mutations

You have very sharp fingernails.
You are surrounded by a mild repulsion field. (EV +2)
You regenerate magic rapidly.
A meltable shield of frost defends you. (SH +4)


Message History

You can move again.
You hit Fannar.
Fannar is almost dead.
Fannar gestures at you while chanting. The bolt of cold misses you.
The ice beast barely misses you.
The ice beast hits you but does no damage.
Okay, then. [a] - 525 gold - haste, heal wounds and resistance [b] - 280 gold - haste [c] - 754 gold - haste, heal wounds, resistance and might Purchase which effect?
You no longer have enough gold to petition Gozag for potion effects.
You feel yourself speed up.
You feel much better.
You feel protected. Fannar barely misses you.
The ice beast hits you but does no damage.
The ice beast misses you.
You riposte.
You barely miss the ice beast. Fannar casts a spell at you.
The bolt of cold hits you! You resist.
* * * LOW HITPOINT WARNING * * *
The ice beast closely misses you.
You riposte.
You hit the ice beast.
The ice beast is lightly wounded.
You completely miss Fannar.
Fannar is almost dead.
The ice beast hits you but does no damage.
Fannar hits you with a staff of cold.
* * * LOW HITPOINT WARNING * * *
Fannar freezes you.
* * * LOW HITPOINT WARNING * * *
You miss Fannar.
Fannar is almost dead.
The ice beast hits you but does no damage.
The ice beast becomes distracted by the nearby gold, dreaming of imaginary riches.
You miss Fannar.
Fannar is almost dead.
The ice beast is no longer distracted by gold.
Some snowflakes condense on Fannar.
Fannar hits you with a staff of cold!
You die...
Your body crumbles into a pile of gold.

..###.##. .....#..####
..Y.e.. ..........#
.#.#.#P.####.........##
.....................≈##
##...####.##P.###≈≈# #
#.###.#.##.^#..#..##.≈≈####≈#
................e....≈≈≈≈≈≈≈≈
.....P##.#.#e#####..#.....≈≈≈
............@Y........#.###≈≈
.##.#.#.#.###Y###.###.###
............Y........#
P#..###.......$##.##..#
........(............#
.#.##.#.####.P##...#.#
........<..(.F(...#
#..#..###...#.#..###
....>......|.......#


You could see Fannar and 3 ice beasts.

Vanquished Creatures
  A cane toad (Lair:1)
  Maggie (D:9)
  2 komodo dragons
  A polar bear (Lair:1)
  A steam dragon (D:7)
  An acid dragon (D:9)
  A water moccasin (D:6)
  An orc warrior (D:9)
  3 ice beasts
  A sky beast (D:6)
  2 black bears (D:6)
  An ogre (D:4)
  6 centaurs
  A phantom (D:5)
  2 kobold brigands (D:7)
  Blork the orc (D:6)
  A wyvern zombie (D:7)
  4 bullfrogs
  A gnoll sergeant (D:8)
  3 scorpions
  5 killer bees (D:9)
  12 wights
  A howler monkey (D:8)
  A centaur zombie (D:8)
  3 centaur skeletons
  4 hounds
  3 bullfrog zombies (D:6)
  3 jellies
  3 orc priests
  2 bullfrog skeletons
  6 iguanas
  10 orc wizards
  2 howler monkey zombies
  4 gnolls
  A howler monkey skeleton (D:4)
  6 adders
  A shadow imp (D:5)
  4 dart slugs
  25 orcs
  8 ball pythons
  6 endoplasms
  3 giant cockroaches
  3 goblins
  8 hobgoblins
  5 jackals
  4 quokkas
  3 bats
  11 frilled lizards
  22 kobolds
  A kobold skeleton (D:3)
  A kobold zombie (D:3)
  4 rats
210 creatures vanquished.

Vanquished Creatures (collateral kills)
  A wight (D:7)
1 creature vanquished.

Vanquished Creatures (others)
  A killer bee (D:9)
  An orc wizard (D:8)
  A fungus (Lair:1)
  10 plants
13 creatures vanquished.

Grand Total: 224 creatures vanquished

Notes
Turn   | Place    | Note
-------+----------+-------------------------------------------
     0 | D:1      | 2tc the Demonspawn Gladiator began the quest for the Orb.
     0 | D:1      | Reached XP level 1. HP: 16/16 MP: 1/1
    57 | D:1      | Reached skill level 3 in Long Blades
   204 | D:1      | Gained mutation: You have sharp fingernails. [demonic
                  | ancestry]
   204 | D:1      | Reached XP level 2. HP: 22/22 MP: 2/2
   238 | D:1      | Found a faded altar of an unknown god.
   265 | D:1      | Became a worshipper of Gozag Ym Sagoz the Greedy
   878 | D:1      | Gained mutation: You have very sharp fingernails. [demonic
                  | ancestry]
   878 | D:1      | Reached XP level 3. HP: 27/27 MP: 3/3
   921 | D:1      | Reached skill level 4 in Long Blades
  1440 | D:2      | Found an iron altar of Okawaru.
  2276 | D:3      | Gained mutation: You regenerate magic rapidly. [demonic
                  | ancestry]
  2276 | D:3      | Reached XP level 4. HP: 31/33 MP: 4/4
  2319 | D:3      | Found a runed translucent door.
  2319 | D:3      | Noticed a human
  2393 | D:3      | Found a basalt altar of Yredelemnul.
  2738 | D:3      | Found a radiant altar of Vehumet.
  2754 | D:3      | Reached skill level 5 in Long Blades
  2760 | D:3      | Identified Vehumet's Almanac of Confrontation
  2902 | D:3      | Found an ancient bone altar of Kikubaaqudgha.
  2912 | D:3      | Gained mutation: A meltable shield of frost defends you.
                  | (SH +4) [demonic ancestry]
  2912 | D:3      | Reached XP level 5. HP: 29/38 MP: 5/5
  2986 | D:3      | Found a shimmering blue altar of Sif Muna.
  3155 | D:3      | Reached skill level 6 in Long Blades
  3426 | D:3      | Reached XP level 6. HP: 20/44 MP: 6/6
  4291 | D:4      | Found a stormy altar of Qazlal.
  4459 | D:4      | Reached skill level 7 in Long Blades
  4599 | D:5      | Entered Level 5 of the Dungeon
  4807 | D:5      | Found an ornate altar of the Wu Jian Council.
  4811 | D:5      | Found an opulent altar of Gozag.
  4839 | D:5      | Gained mutation: You are surrounded by a mild repulsion
                  | field. (EV +2) [demonic ancestry]
  4839 | D:5      | Reached XP level 7. HP: 50/50 MP: 7/7
  5180 | D:5      | Reached skill level 8 in Long Blades
  5466 | D:5      | Identified a scroll of acquirement
  5466 | D:5      | Acquired the ring "Saomn" {Ice rPois rN+ Will+ Str+2}
  5832 | D:5      | Found a staircase to the Ecumenical Temple.
  5841 | Temple   | Entered the Ecumenical Temple
  6610 | D:6      | Reached skill level 9 in Long Blades
  6610 | D:6      | Reached XP level 8. HP: 35/56 MP: 8/8
  6628 | D:6      | Noticed Blork the orc
  6846 | D:6      | Killed Blork the orc
  7242 | D:6      | Found a bloodstained altar of Trog.
  7261 | D:6      | Reached skill level 10 in Long Blades
  8155 | D:6      | Reached skill level 11 in Long Blades
  8204 | D:6      | Reached XP level 9. HP: 59/61 MP: 9/9
  8222 | D:6      | Found an iron altar of Okawaru.
  8809 | D:7      | Reached skill level 1 in Armour
  9737 | D:7      | Reached skill level 12 in Long Blades
 10042 | D:8      | Noticed Bapho's ghost (novice OgBe)
 10365 | D:8      | Found a runed translucent door.
 10816 | D:8      | Found a hazy altar of Hepliaklqana.
 11375 | D:9      | Reached XP level 10. HP: 52/67 MP: 10/10
 12060 | D:9      | Noticed Maggie
 12225 | D:9      | Killed Maggie
 12226 | D:9      | Reached skill level 13 in Long Blades
 12759 | D:9      | Identified the +1 robe "Miby" {rC+ Slay+2}
 12785 | D:9      | Found a staircase to the Lair.
 13259 | D:10     | Entered Level 10 of the Dungeon
 13284 | Lair:1   | Entered Level 1 of the Lair of Beasts
 13774 | Lair:1   | Noticed Fannar
 13836 | Lair:1   | Noticed a cane toad
 13857 | Lair:1   | Killed a cane toad
 13866 | Lair:1   | HP: 3/67 [Fannar/staff of cold (4)]
 13868 | Lair:1   | Slain by Fannar

Illustrated notes

Levels and vault maps discovered:
D:1:      dpeg_arrival_simpleton_a, layout_rooms,
          hellmonk_ecumenical_altar_blasted, serial_corexii_hall,
          corexii_hall_statues_x, chequers_hall_statues_wall_a
D:2:      layout_loops_cross, serial_forest, infiniplex_forest_end_double,
          infiniplex_forest_lined_room_2, infiniplex_forest_corner_1,
          infiniplex_forest_lined_2, infiniplex_forest_straight_4,
          infiniplex_forest_clump_large, infiniplex_forest_straight_3,
          basic_altar
D:3:      layout_basic, palyth_temple_overflow_mages, dk_yredelemnul_ordeal
D:4:      layout_gridville, nicolae_qazlal_scattered_showers
D:5:      layout_basic, minitemple, lemuel_temple_firewalk_b,
          kennysheep_generic_room_8
D:6:      layout_basic, trog_ov_bears_minmay, lemuel_doored_altar,
          uniq_blork_the_orc
D:7:      layout_rooms, bh_walls_and_bars
D:8:      layout_basic, old_standard_altar, worldfamousw_hep_ancestral_shrine,
          hellmonk_ghost_happy_afterlife
D:9:      layout_basic, david_lair_shrubbed, uniq_maggie
D:10:     layout_small_grid, grunt_dithmenos_smoke_and_mirrors, david_orc_5,
          special_room [special_room_kobold], roderic_lattice_a,
          hangedman_decor_clover_reticule, minmay_diamond_spiral, uniq_psyche
Temple:   eino_temple_lava
Lair:1:   lemuel_reptile_caves, layout_long_grid, grunt_forest_small_clearings,
          minmay_hedge_maze, uniq_fannar

Skill      XL: |  1  2  3  4  5  6  7  8  9 10 |
---------------+-------------------------------+-----
Long Blades    | 3 4 5 6 7 9 11 12 13 | 13.8
Armour         | 3 |  3.0
Fighting       | |  2.0
Throwing       | |  1.7
Dodging        | |  2.6
Shields        | |  0.7

Action                   |  1- 3 |  4- 6 |  7- 9 | 10-12 || total
-------------------------+-------+-------+-------+-------++-------
Melee: Long sword        |   108 |   117 |       |       ||   225
       Falchion          |       |    49 |   301 |       ||   350
       Scimitar          |       |       |   247 |   144 ||   391
Throw: Stone             |       |       |       |     1 ||     1
Invok: Potion Petition   |       |       |     2 |     3 ||     5
Evoke: Wand              |       |       |     2 |     1 ||     3
  Use: Scroll            |     4 |     2 |     9 |     2 ||    17
       Potion            |       |     2 |     7 |     3 ||    12
 Stab: Distracted        |     1 |       |     4 |     1 ||     6
       Sleeping          |       |     3 |     1 |       ||     4
       Invisible         |       |       |       |     8 ||     8
Armor: Leather armour    |    30 |    50 |    89 |    34 ||   203
Dodge: Dodged            |    63 |    87 |   244 |    72 ||   466
Block: Other             |       |    11 |    70 |    19 ||   100
       Rpst.: Long sword |    24 |    18 |       |       ||    42
       Falchion          |       |    16 |    31 |       ||    47
       Scimitar          |       |       |    23 |    18 ||    41

Table legend: (Time is in decaauts)
 A = Elapsed time spent in this place.
 B = Non-inter-level travel time spent in this place.
 C = Inter-level travel time spent in this place.
 D = Time resting spent in this place.
 E = Time spent auto-exploring this place.
 F = Levels seen in this place.
 G = Mean time per level.
                   A        B        C        D        E       F      G
               +--------+--------+--------+--------+--------+-----+--------+
         Total |  13762 |  13377 |    385 |   4819 |   6240 |  12 | 1146.8 |
       Dungeon |  13120 |  12743 |    377 |   4506 |   6061 |  10 | 1312.0 |
        Temple |     79 |     72 |      7 |      0 |     72 |   1 |   79.0 |
          Lair |    562 |    562 |      0 |    313 |    107 |   1 |  562.0 |
               +--------+--------+--------+--------+--------+-----+--------+

Top non-repeatable levels by time:
     D:9: 1943 daAuts
     D:5: 1913 daAuts
     D:6: 1795 daAuts
     D:3: 1770 daAuts
     D:7: 1344 daAuts
     D:8: 1323 daAuts
     D:1: 1177 daAuts
     D:4: 1020 daAuts
     D:2: 830 daAuts
  Lair:1: 562 daAuts
  Temple: 79 daAuts
    D:10: 1 daAuts
